 Dungeon Crawl Stone Soup version 0.27.1-34-g3ba077fa99 (webtiles) character file.

Game seed: 12493884197410178739

420 Delamore the Covert (level 6, -4/39 HPs)
             Began as an Octopode Brigand on Feb 12, 2022.
             Slain by a phantom (9 damage)
             ... on level 4 of the Dungeon.
             The game lasted 00:03:25 (3268 turns).

Delamore the Covert (Octopode Brigand)              Turns: 3268, Time: 00:03:26

Health: -4/39      AC:  1    Str:  7 (10) XL:     6   Next: 94%
Magic:  6/6        EV: 12    Int: 13 (14) God:
Gold:   131        SH:  0    Dex: 12 (15) Spells: 5/5 levels left

rFire    . . .     SeeInvis .   a - +2 dagger
rCold    . . .     Faith    .   (no shield)
rNeg     . . .     Spirit   .   (helmet restricted)
rPois    +         Reflect  .   (no amulet)
rElec    .         Harm     .   e - ring of resist corrosion
rCorr    +         Rampage  .   h - ring of poison resistance
Will     +....                  o - ring of flight
Stlth    +++++.....             p - ring of willpower
HPRegen  0.13/turn              (no ring)
MPRegen  0.10/turn              (no ring)
                                (no ring)
                                (no ring)

@: attractive, flying
A: almost no armour, amphibious, 8 rings, camouflage 1, gelatinous body 1,
(nimble swimmer 1), tentacles
a: no special abilities


You were on level 4 of the Dungeon.
You visited 1 branch of the dungeon, and saw 4 of its levels.

You collected 131 gold pieces.

Inventory:

Hand Weapons
 a - a +2 dagger (weapon)
Missiles
 b - 21 poisoned darts (quivered)
 m - 2 curare-tipped darts
Jewellery
 e - a ring of resist corrosion (left tentacle)
 h - a ring of poison resistance (right tentacle)
 o - a ring of flight (on tentacle)
 p - a ring of willpower (on tentacle)
Scrolls
 c - a scroll of silence
 g - 3 scrolls of enchant armour
 i - a scroll of blinking
 j - a scroll of noise
 s - a scroll of magic mapping {unknown}
Potions
 d - a potion of attraction
 f - 2 potions of flight
 k - 2 potions of degeneration
 n - a potion of invisibility {unknown}
 q - a potion of mutation {unknown}
 r - a potion of lignification {unknown}


   Skills:
 - Level 2.0 Fighting
 + Level 4.3 Short Blades
 - Level 2.0 Throwing
 - Level 1.0 Dodging
 * Level 9.7 Stealth


You had 5 spell levels left.
You didn't know any spells.
Your spell library was empty.

Dungeon Overview and Level Annotations

Branches:
Dungeon (4/15)
 Temple: D:4-7

Altars:


Innate Abilities, Weirdness & Mutations

You cannot wear most types of armour.
You are amphibious.
You can wear up to eight rings at the same time.
Your skin changes colour to match your surroundings (Stealth+).
Your rubbery body absorbs attacks. (AC +1, EV +1)
((You are camouflaged near water. (Stealth+)))
You have tentacles for arms and can constrict up to eight enemies at once.


Message History

The phantom is lightly damaged.
You hit the phantom. You squeeze the phantom!
The phantom is heavily damaged.
The phantom hits you!
You are too injured to fight recklessly!
You are too injured to fight recklessly!
You are too injured to fight recklessly!
You are too injured to fight recklessly!
You are too injured to fight recklessly!
You are too injured to fight recklessly!
You are too injured to fight recklessly!
You are too injured to fight recklessly!
You are too injured to fight recklessly!
You are too injured to fight recklessly!
You are too injured to fight recklessly!
You are too injured to fight recklessly!
You are too injured to fight recklessly!
You are too injured to fight recklessly!
You are too injured to fight recklessly!
You hit the phantom.
The phantom is heavily damaged.
The phantom hits you!
* * * LOW HITPOINT WARNING * * *
The phantom blinks!
You blink.
It was a potion of attraction.
You feel attractive to monsters. The phantom misses you.
It was a potion of degeneration.
There was something very wrong with that liquid.
You feel weakened.
You feel dopey.
You feel clumsy. The phantom barely misses you.
It was a potion of flight.
You feel more buoyant. The phantom hits you.
* * * LOW HITPOINT WARNING * * *
The phantom blinks!
You blink.
It was a potion of cancellation.
Your magical effects are unravelling.
You feel magically purged. The phantom hits you!
You die...

#. #.##................#
#. #.##.........###....#
#..#.##.........######.#
#..#.##.#...^.....#
.......?)†......#
#.##.###..........#
#..)<[.+....###.###
########..........#
#.....@W...#
#..........#
###........# ..........#
............#
.....##+#.### ####. .#
#. .#


You could see a phantom.

Vanquished Creatures
  Sigmund (D:2)
  Terence (D:3)
  Natasha (thrice) (D:2)
  2 orc wizards (D:4)
  Robin (D:2)
  2 adders
  2 worms
  3 dart slugs
  2 orcs (D:4)
  4 bats
  4 endoplasms
  2 giant cockroaches (D:1)
  9 goblins
  12 hobgoblins
  2 jackals (D:1)
  7 kobolds
  4 quokkas
  2 ball pythons
  3 frilled lizards
  A quokka skeleton (D:4)
  5 rats
72 creatures vanquished.

Notes
Turn   | Place    | Note
-------+----------+-------------------------------------------
     0 | D:1      | Delamore the Octopode Brigand began the quest for the Orb.
     0 | D:1      | Reached XP level 1. HP: 14/14 MP: 1/1
   113 | D:1      | Reached XP level 2. HP: 19/19 MP: 2/2
   194 | D:1      | Found a faded altar of an unknown god.
   227 | D:1      | Reached skill level 6 in Stealth
   648 | D:2      | Reached XP level 3. HP: 24/24 MP: 3/3
   802 | D:2      | Noticed Robin
   888 | D:2      | Noticed Sigmund
   905 | D:2      | Killed Sigmund
   906 | D:2      | Reached skill level 8 in Stealth
   906 | D:2      | Reached XP level 4. HP: 9/29 MP: 4/4
   906 | D:2      | Reached XP level 5. HP: 11/34 MP: 5/5
   987 | D:2      | Killed Robin
  1394 | D:2      | Noticed Natasha
  1409 | D:2      | Killed Natasha
  1410 | D:2      | Reached XP level 6. HP: 33/39 MP: 6/6
  1562 | D:2      | Noticed Natasha
  1572 | D:2      | Killed Natasha
  1705 | D:2      | Noticed Natasha
  1713 | D:2      | Killed Natasha
  1714 | D:2      | Reached skill level 9 in Stealth
  2894 | D:3      | Noticed Terence
  2899 | D:3      | Killed Terence
  3268 | D:4      | Slain by a phantom

Illustrated notes

Levels and vault maps discovered:
D:1:      lightli_arrival_windingriver, layout_rooms,
          hellmonk_ecumenical_altar_inner_sanctum
D:2:      layout_basic, uniq_robin, uniq_natasha, uniq_sigmund
D:3:      layout_rooms, serial_aquarium, aquarium_bridge_straight
          [aquarium_subvault_bridge, aquarium_subvault_window,
          aquarium_subvault_bridge, aquarium_subvault_window],
          aquarium_bridge_island_large [aquarium_subvault_large_1_pool,
          aquarium_subvault_bridge, aquarium_subvault_wall,
          aquarium_subvault_window, aquarium_subvault_wall],
          aquarium_window_fake, aquarium_window_corridor_1, aquarium_view_2d,
          lemuel_another_geyser, uniq_terence
D:4:      layout_basic

Skill      XL: |  1  2  3  4  5  6 |
---------------+-------------------+-----
Stealth        | 6 8 9 |  9.7
Short Blades   | 3 4 |  4.3
Fighting       | |  2.0
Throwing       | |  2.0
Dodging        | |  1.0

Action                   |  1- 3 |  4- 6 || total
-------------------------+-------+-------++-------
Melee: Dagger            |    43 |   119 ||   162
       Constrict         |    12 |    22 ||    34
       Tentacles         |     8 |    26 ||    34
Throw: Dart              |     4 |       ||     4
  Use: Scroll            |     2 |     3 ||     5
       Potion            |       |     4 ||     4
 Stab: Sleeping          |     9 |    16 ||    25
Armor: Skin              |     4 |     2 ||     6
Dodge: Dodged            |    13 |    40 ||    53
